 Dungeon Crawl Stone Soup version 0.27-a0-498-g7ecbb0a48f (webtiles) character file.

Game seed: 5676049267960627447

86 srzhan31 the Chiller (level 4, -2/32 HPs)
             Began as a Merfolk Ice Elementalist on Mar 2, 2021.
             Shot with an arrow by a centaur (8 damage)
             ... on level 2 of the Dungeon.
             The game lasted 00:10:15 (2014 turns).

srzhan31 the Chiller (Merfolk Ice Elementalist)     Turns: 2014, Time: 00:10:15

Health: -2/32      AC:  4    Str:  8    XL:     4   Next: 50%
Magic:  4/8        EV: 13    Int: 15    God:
Gold:   152        SH:  0    Dex: 14    Spells: 8/9 levels left

rFire    . . .     SeeInvis .   (no weapon)
rCold    . . .     Faith    .   (no shield)
rNeg     . . .     Spirit   .   a - +0 robe
rPois    .         Reflect  .   (no helmet)
rElec    .         Harm     .   (no cloak)
rCorr    .         Rampage  .   f - +1 pair of gloves
Will     .....                  (no boots)
Stlth    ++........             (no amulet)
HPRegen  0.10/turn              (no ring)
MPRegen  0.11/turn              (no ring)

@: no status effects
A: change form in water, swift swim, stealthy swim
a: no special abilities


You were on level 2 of the Dungeon.
You visited 1 branch of the dungeon, and saw 2 of its levels.

You collected 152 gold pieces.

Inventory:

Missiles
 b - 40 stones
Armour
 a - a +0 robe (worn)
 f - a +1 pair of gloves (worn)
Scrolls
 e - a scroll of random uselessness {unknown}
 g - 2 scrolls of identify {unknown}
 i - a scroll of teleportation {unknown}
Potions
 c - 4 potions of curing {unknown}
 d - a potion of heal wounds {unknown}
 h - a potion of attraction {unknown}
 j - a potion of berserk rage {unknown}


   Skills:
 * Level 1.0 Fighting
 * Level 1.0 Polearms
 * Level 3.0 Dodging
 + Level 2.2 Stealth
 * Level 3.0 Spellcasting
 * Level 5.3 Ice Magic


You had 8 spell levels left.
You knew the following spells:

 Your Spells              Type           Power        Failure   Level
a - Freeze                Ice            72%          2%          1

Your spell library contained the following spells:

 Spells                   Type           Power        Failure   Level
 Frozen Ramparts          Ice            36%          7%          3
 Ozocubu's Armour         Ice            18%          7%          3
 Hailstorm                Conj/Ice       10%          54%         4
 Summon Ice Beast         Ice/Summ       10%          54%         4


Dungeon Overview and Level Annotations

Branches:
Dungeon (2/15)

Altars:


Message History

Press: ? - help, Q - select action, (/) - cycle Shift-Dir - straight line, f - bat
Aim: a bat You freeze the bat!
You kill the bat!
You see here a bat corpse.
A hobgoblin comes into view. It is wielding a +0 club.
The hobgoblin shouts!
You hear an angry hiss.
An adder comes into view.
A centaur comes into view.
The hobgoblin closely misses you.
Aiming: Freeze (safe; 2% risk of failure)
Press: ? - help, Q - select action, (/) - cycle Shift-Dir - straight line, f - hobgoblin
Aim: a hobgoblin, wielding a +0 club You freeze the hobgoblin.
You kill the hobgoblin!
The centaur shouts!
The adder bites you but does no damage.
Aiming: Freeze (safe; 2% risk of failure)
Press: ? - help, Q - select action, (/) - cycle Shift-Dir - straight line, f - adder
Aim: an adder You freeze the adder.
The adder is moderately wounded.
The adder bites you but does no damage.
The centaur wields a +0 shortbow.
The centaur shoots an arrow.
The arrow hits you!
Aiming: Freeze (safe; 2% risk of failure)
Press: ? - help, Q - select action, (/) - cycle Shift-Dir - straight line, f/p - adder
Aim: an adder (moderately wounded)
You freeze the adder.
The adder is severely wounded.
The adder closely misses you.
The centaur shoots an arrow.
The arrow misses you. The adder barely misses you.
Aiming: Freeze (safe; 2% risk of failure)
Press: ? - help, Q - select action, (/) - cycle Shift-Dir - straight line, f/p - adder
Aim: an adder (severely wounded)
You freeze the adder!
You kill the adder!
The centaur shoots an arrow.
The arrow hits you!
* * * LOW HITPOINT WARNING * * *
The centaur shoots an arrow.
The arrow hits you!
You die...

.######'####.#.#
.#........##.#.#
...............#
#........##.#.#
#........##.#(#
##........##.#.#
..........##.#.#
......†...##.#.#
...c..)@..##.#.#
.....#######.#†#
..... #.#.# . ..
#.#.# #.#.#
#.#.# ###.#.#
#...#.# #.#.#.#


You could see a centaur.

Vanquished Creatures
  Jessica (D:2)
  2 adders (D:2)
  An ooze (D:1)
  2 dart slugs (D:1)
  4 leopard geckos
  3 giant cockroaches
  3 goblins
  6 hobgoblins
  6 kobolds (D:1)
  6 bats
  A frilled lizard (D:2)
  5 rats
40 creatures vanquished.

Notes
Turn   | Place    | Note
-------+----------+-------------------------------------------
     0 | D:1      | srzhan31 the Merfolk Ice Elementalist began the quest for
                  | the Orb.
     0 | D:1      | Reached XP level 1. HP: 13/13 MP: 3/3
   383 | D:1      | Reached XP level 2. HP: 9/19 MP: 3/5
   954 | D:1      | Reached skill level 5 in Ice Magic
   989 | D:1      | Reached XP level 3. HP: 22/24 MP: 2/6
  1656 | D:2      | Noticed Jessica
  1663 | D:2      | Killed Jessica
  1664 | D:2      | Reached skill level 1 in Polearms
  1664 | D:2      | Reached XP level 4. HP: 31/31 MP: 2/8
  1932 | D:2      | Reached skill level 1 in Fighting
  2010 | D:2      | Noticed a centaur
  2014 | D:2      | Shot with an arrow by a centaur

Illustrated notes

Levels and vault maps discovered:
D:1:      elethiomel_arrival_maze, layout_basic, st_stairs_1
D:2:      layout_basic, gammafunk_temple_overflow_pools, uniq_jessica

Skill      XL: |  1  2  3  4 |
---------------+-------------+-----
Ice Magic      | 5 |  5.3
Polearms       | 1 |  1.0
Dodging        | 3 |  3.0
Spellcasting   | 3 |  3.0
Fighting       | 1 |  1.0
Stealth        | |  2.2

Action                   |  1- 3 |  4- 6 || total
-------------------------+-------+-------++-------
Melee: Unarmed           |     3 |       ||     3
 Cast: Freeze            |    49 |    12 ||    61
 Stab: Sleeping          |     1 |       ||     1
Armor: Robe              |    10 |     6 ||    16
Dodge: Dodged            |    22 |     9 ||    31

Table legend: (Time is in decaauts)
 A = Elapsed time spent in this place.
 B = Non-inter-level travel time spent in this place.
 C = Inter-level travel time spent in this place.
 D = Time resting spent in this place.
 E = Time spent auto-exploring this place.
 F = Levels seen in this place.
 G = Mean time per level.
                   A        B        C        D        E       F      G
               +--------+--------+--------+--------+--------+-----+--------+
         Total |   2013 |   2013 |      0 |      0 |      0 |   2 | 1006.5 |
       Dungeon |   2013 |   2013 |      0 |      0 |      0 |   2 | 1006.5 |
               +--------+--------+--------+--------+--------+-----+--------+

Top non-repeatable levels by time:
     D:1: 1428 daAuts
     D:2: 585 daAuts
